Map: Thunderbird LE

Players

ShoWTimE - Winner!

  • Race: Protoss Protoss
  • League: Grandmaster
  • Spawn Location: 5:00

HateMe

  • Race: Zerg Zerg
  • League: Master
  • Spawn Location: 11:00

Event: HomeStory Cup XIX

VOD

Have the link to the VOD?

Description

Time

  • Played on: June 28, 2019, 9:42 a.m.
  • Length: 7:43

All games in this series

Show
View Real Time Build Order
Export as new Build Order

ShoWTimE Protoss - Winner!

Build Orders: 1 Gate Expand 

Get SALT Encoding   

  12  0:00  Probe  
  13  0:12  Probe  
  14  0:17  Pylon  
  14  0:24  Probe  
  15  0:32  Probe  
  15  0:37  Gateway  
  15  0:40  Probe  
  16  0:48  Assimilator  
  17  0:51  Probe  
  18  1:03  Probe  
  19  1:15  Probe  
  20  1:25  Cybernetics Core  
  20  1:31  Nexus  
  20  1:35  Probe  
  21  1:40  Pylon  
  21  1:47  Probe  
  21  1:49  Assimilator  
  21  1:51  Adept  
  22  1:59  Probe  
  25  2:10  Robotics Facility  
  25  2:11  Adept  
  25  2:12  Probe  
  28  2:23  Warp Gate  
  28  2:25  Probe  
  30  2:37  Probe  
  30  2:43  Stalker, Probe  
  32  2:49  Probe  
  34  2:51  Probe, Warp Prism  
  35  3:01  Probe x2  
  39  3:11  Pylon  
  39  3:13  Probe x2  
  39  3:16  Sentry  
  43  3:25  Probe x2  
  45  3:34  Immortal  
  45  3:36  Gateway  
  45  3:37  Pylon  
  49  3:47  Pylon  
  49  4:00  Gateway  
  49  4:01  Gateway  
  49  4:05  Gateway  
  49  4:11  Gateway  
  49  4:13  Stalker, Pylon  
  51  4:29  Pylon  
  51  4:30  Stalker  
  53  4:37  Stalker  
  55  4:50  Gateway  
  55  4:55  Zealot x4  
  63  5:00  Zealot  
  63  5:06  Zealot  
  67  5:13  Probe x2  
  67  5:20  Zealot x5  
  77  5:27  Probe x2  
  77  5:28  Immortal  
  79  5:30  Pylon  
  79  5:39  Probe x2  
  85  5:50  Sentry x4  
  85  5:53  Assimilator  
  85  5:54  Probe, Assimilator  
  94  5:58  Pylon  
  94  6:01  Probe  
  91  6:08  Immortal  
  83  6:13  Zealot x6  
  85  6:20  Probe  
  85  6:23  Pylon  
  78  6:35  Zealot x5  
  78  6:37  Sentry  
  82  6:57  Zealot x5  
  84  7:03  Zealot  
  84  7:05  Observer  
  87  7:10  Probe  
  87  7:15  Pylon  
  88  7:18  Zealot x4  
  88  7:19  Sentry  
  88  7:21  Sentry  
  100  7:24  Pylon  
  94  7:40  Zealot x5  
Show
View Real Time Build Order
Export as new Build Order

HateMe Zerg 

Build Orders: Hatch First 

Get SALT Encoding   

  12  0:00  Drone  
  13  0:12  Overlord  
  13  0:18  Drone  
  14  0:30  Drone x2  
  16  0:49  Hatchery  
  15  0:51  Drone  
  15  0:55  Drone  
  17  0:59  Drone  
  18  1:09  Extractor  
  17  1:14  Spawning Pool  
  17  1:17  Drone  
  17  1:20  Drone  
  18  1:28  Drone  
  19  1:39  Drone  
  20  1:49  Overlord  
  20  2:01  Queen x2  
  20  2:02  Zergling x4  
  26  2:15  Drone x2  
  28  2:22  Drone x2  
  30  2:37  Hatchery, Pneumatized Carapace  
  30  2:41  Drone x2  
  31  2:45  Drone x2  
  33  2:54  Overlord  
  33  2:55  Queen  
  33  2:57  Drone  
  36  3:16  Zergling x6  
  36  3:18  Drone x2  
  41  3:22  Overlord  
  41  3:25  Drone  
  41  3:26  Drone  
  41  3:33  Spore Crawler  
  40  3:37  Overlord  
  40  3:39  Drone  
  41  3:45  Queen  
  41  3:47  Metabolic Boost  
  41  3:48  Drone  
  44  3:50  Queen  
  44  3:51  Drone  
  47  4:02  Drone x3  
  50  4:03  Drone x5  
  50  4:08  Overlord  
  55  4:10  Drone x2  
  55  4:12  Drone  
  58  4:19  Roach Warren  
  58  4:20  Extractor  
  58  4:21  Drone  
  57  4:30  Overlord  
  57  4:31  Drone x4  
  57  4:37  Spine Crawler  
  60  4:39  Spine Crawler  
  60  4:40  Spine Crawler  
  60  4:41  Spine Crawler  
  57  4:47  Zergling x10  
  57  4:50  Zergling x4  
  64  4:59  Roach  
  72  5:00  Roach x3  
  72  5:06  Overlord  
  71  5:10  Roach x2  
  71  5:13  Roach  
  71  5:24  Roach x3  
  72  5:41  Roach x2  
  75  5:46  Overlord x3  
  75  5:47  Hatchery  
  72  5:53  Lair  
  66  6:06  Roach x4  
  66  6:08  Zergling x6  
  70  6:12  Zergling x2  
  70  6:14  Roach x2  
  69  6:20  Roach  
  69  6:24  Roach  
  71  6:32  Roach  
  66  6:35  Roach  
  66  6:37  Zergling x8  
  66  6:39  Queen  
  72  6:47  Zergling x6  
  65  6:56  Roach  
  65  6:57  Roach  
  65  6:59  Zergling x2, Queen x2  
  70  7:04  Roach x2  
  74  7:14  Roach x2  
  74  7:15  Zergling x6  
  81  7:22  Roach  
  83  7:25  Zergling x4  
Tags
 
Add a new tag
Caveats
  • Supply blocks, unpowered buildings, or Contaminate may cause inaccurate times.
  • Supply counts are checked every 10 seconds.